[Event "Titled Tuesday Blitz May 9 Late 2023"]
[White "brm72"]
[Black "mjelcic"]
[WhiteElo "2561"]
[BlackElo "2210"]
[Result "1/2-1/2"]
[Round "01"]
[TimeControl "180+2"]
[Date "2023.05.09"]
[WhiteClock "0:00:13"]
[BlackClock "0:00:07"]

1. e4 g6 2. d4 Bg7 3. Nc3 d6 4. Be3 Nd7 5. Qd2 a6 6. Nf3 b5 7. Bd3 Ngf6 8. h3 c5 9. e5 cxd4 10. Bxd4 dxe5 11. Nxe5 Nxe5 12. Bxe5 O-O 13. O-O Bb7 14. a3 Qd7 15. Rfe1 Rfd8 16. Qe3 Qc6 17. Bf1 e6 18. Rad1 Nd5 19. Nxd5 Rxd5 20. Rxd5 Qxd5 21. Bxg7 Kxg7 22. Qc3+ Kg8 23. Re3 Rc8 24. Qd3 Qc6 25. c3 Qc7 26. Qd2 Rd8 27. Rd3 Rxd3 28. Qxd3 Qc6 29. Qd4 h5 30. h4 Kh7 31. f3 Qc7 32. Kf2 e5 33. Qa7 Kg7 34. a4 bxa4 35. Bxa6 Qe7 36. Qxb7 Qxh4+ 37. Kg1 Qe1+ 38. Bf1 Qe3+ 39. Kh2 Qf4+ 40. g3 Qd2+ 41. Bg2 h4 42. Qe4 hxg3+ 43. Kxg3 Qxb2 44. Qxe5+ Kg8 45. Qe8+ Kg7 46. Qxa4 Qxc3 47. Qf4 Qe1+ 48. Kh2 Qf2 49. Qg3 Qd2 50. f4 f6 51. Qf3 g5 52. f5 Qd6+ 53. Qg3 Qc5 54. Kh3 Qxf5+ 55. Qg4 Qd3+ 56. Qg3 Qf5+ 57. Kh2 Qf4 58. Qxf4 gxf4 59. Kh3 Kg6 60. Kg4 f5+ 61. Kxf4 Kf6 62. Bh3 Kf7 63. Bxf5 1/2-1/2


[Site "https://www.chess.com"]

[Event "Titled Tuesday Blitz May 9 Late 2023"]
[White "Chemin, Justo Reinaldo"]
[Black "Martinez Reyes, Pedro Ramon"]
[WhiteFideId "2101580"]
[BlackFideId "3901807"]
[WhiteElo "1940"]
[BlackElo "2340"]
[Result "0-1"]
[Round "01"]
[TimeControl "180+2"]
[Date "2023.05.09"]
[WhiteClock "0:00:00"]
[BlackClock "0:00:42"]

1. e4 c6 2. d4 g6 3. Nc3 Bg7 4. f4 d5 5. e5 h5 6. Bd3 Nh6 7. Nf3 Bf5 8. Ng5 e6 9. O-O Nd7 10. h3 Bxd3 11. Qxd3 Nf5 12. g4 hxg4 13. hxg4 Nh6 14. Qf3 Qe7 15. Be3 O-O-O 16. a4 f6 17. exf6 Nxf6 18. a5 Nfxg4 19. a6 b6 20. Rfe1 Nxe3 21. Qxe3 Rd6 22. Ne2 Nf5 23. Qd3 Bf6 24. Nf3 Qh7 25. Kf2 Bh4+ 26. Kg2 Bxe1 27. Rxe1 Qh3+ 28. Kf2 Nh4 29. Nxh4 Qxh4+ 30. Qg3 c5 31. Qxh4 Rxh4 32. Kg3 Rh5 33. c3 c4 34. Ng1 b5 35. Nf3 Rxa6 36. Ng5 Kd7 37. Nf7 Ra2 38. Re2 a5 39. Ne5+ Rxe5 40. fxe5 b4 41. cxb4 axb4 42. Rf2 c3 43. Rf7+ Ke8 44. Rc7 cxb2 0-1


[Site "https://www.chess.com"]

[Event "Titled Tuesday Blitz May 9 Late 2023"]
[White "Atanasov, Anthony"]
[Black "Barria Santos, Jose Guilherme"]
[WhiteFideId "2623897"]
[BlackFideId "1939300"]
[WhiteElo "2326"]
[BlackElo "2266"]
[Result "1-0"]
[Round "01"]
[TimeControl "180+2"]
[Date "2023.05.09"]
[WhiteClock "0:01:08"]
[BlackClock "0:01:23"]

1. d4 Nf6 2. Nf3 g6 3. c3 Bg7 4. Bf4 O-O 5. e3 d6 6. Nbd2 c5 7. Be2 Nc6 8. O-O b6 9. a4 Bb7 10. h3 Rc8 11. Nc4 cxd4 12. exd4 Ba6 13. Ne3 Bxe2 14. Qxe2 Na5 15. Rfe1 Re8 16. Bh2 Ne4 17. Nd5 f5 18. Rad1 e6 19. Nf4 Nc4 20. d5 Nxb2 21. Qxb2 Bxc3 22. Qb3 Bxe1 23. Rxe1 Rc3 24. Qb2 Qc8 25. Nxe6 Rc2 26. Qg7# 1-0


[Site "https://www.chess.com"]

[Event "Titled Tuesday Blitz May 9 Late 2023"]
[White "ritanovikova"]
[Black "Bayo Milagro, Alvaro"]
[BlackFideId "22275240"]
[WhiteElo "2200"]
[BlackElo "2270"]
[Result "0-1"]
[Round "01"]
[TimeControl "180+2"]
[Date "2023.05.09"]
[WhiteClock "0:02:21"]
[BlackClock "0:02:08"]

1. e4 e5 2. Nf3 Nc6 3. Bc4 Nf6 4. Nc3 Nxe4 5. Bxf7+ Kxf7 6. Nxe4 d5 7. Nc3 e4 8. d3 exf3 9. Qxf3+ Kg8 10. Nxd5 Nd4 0-1


[Site "https://www.chess.com"]

[Event "Titled Tuesday Blitz May 9 Late 2023"]
[White "tufferguy"]
[Black "Phillips, Rene"]
[BlackFideId "2056275"]
[WhiteElo "2559"]
[BlackElo "2199"]
[Result "1-0"]
[Round "01"]
[TimeControl "180+2"]
[Date "2023.05.09"]
[WhiteClock "0:00:56"]
[BlackClock "0:00:16"]

1. d4 Nc6 2. e4 d5 3. e5 f6 4. f4 Nh6 5. Nf3 Bg4 6. c3 Nf5 7. Bd3 e6 8. h3 Ng3 9. hxg4 Nxh1 10. Be3 Ng3 11. Nbd2 f5 12. Ng5 Qe7 13. gxf5 Nxf5 14. Bxf5 exf5 15. Qb3 O-O-O 16. O-O-O h6 17. Ngf3 Qe6 18. Qc2 g6 19. Kb1 Na5 20. b4 Nc4 21. Nxc4 dxc4 22. Qe2 Qa6 23. Nd2 b5 24. Qf3 c6 25. g4 Kc7 26. Nf1 Qa3 27. Bc1 Qa4 28. d5 cxd5 29. gxf5 gxf5 30. Ne3 Be7 31. Nxd5+ Rxd5 32. Rxd5 Rd8 33. Rxd8 Kxd8 34. Qd5+ Ke8 35. e6 a5 36. Qa8+ Bd8 37. Qc6+ Kf8 38. Qc5+ Be7 39. Qxf5+ Ke8 40. Qh5+ Kf8 41. Qf7# 1-0


[Site "https://www.chess.com"]

[Event "Titled Tuesday Blitz May 9 Late 2023"]
[White "Tarnowska, Aleksandra"]
[Black "Paszewski, Mateusz"]
[WhiteFideId "1180967"]
[BlackFideId "1141058"]
[WhiteElo "1776"]
[BlackElo "2223"]
[Result "0-1"]
[Round "01"]
[TimeControl "180+2"]
[Date "2023.05.09"]
[WhiteClock "0:00:14"]
[BlackClock "0:01:49"]

1. e4 c5 2. Nf3 g6 3. c3 Bg7 4. d4 cxd4 5. cxd4 d5 6. e5 Bg4 7. Bb5+ Nd7 8. O-O e6 9. h3 Bxf3 10. Qxf3 Ne7 11. Bg5 O-O 12. Bf6 a6 13. Bxd7 Qxd7 14. Nc3 Rac8 15. Rac1 Rc4 16. Ne2 Rfc8 17. Rc3 Nf5 18. Bxg7 Kxg7 19. Rfc1 b5 20. g4 Ne7 21. Qf6+ Kg8 22. h4 Nc6 23. h5 Qe7 24. Qf4 Nb4 25. Rxc4 dxc4 26. Rc3 Nd5 27. Qe3 Nxe3 0-1


[Site "https://www.chess.com"]

[Event "Titled Tuesday Blitz May 9 Late 2023"]
[White "Erzhanov, Arman"]
[Black "Almedina Ortiz, Edgardo J."]
[WhiteFideId "4138821"]
[BlackFideId "3100197"]
[WhiteElo "2138"]
[BlackElo "2217"]
[Result "1-0"]
[Round "01"]
[TimeControl "180+2"]
[Date "2023.05.09"]
[WhiteClock "0:01:06"]
[BlackClock "0:00:00"]

1. e4 c5 2. Nf3 Nc6 3. Bb5 e5 4. O-O Bd6 5. d3 a6 6. Bc4 b5 7. Bb3 Be7 8. Bd5 Bb7 9. Nxe5 Nxe5 10. Bxb7 Ra7 11. Bd5 Nf6 12. Bf4 Ng6 13. Bg3 Nxd5 14. exd5 d6 15. c4 O-O 16. Nc3 b4 17. Ne2 f5 18. Nf4 Nxf4 19. Bxf4 Bf6 20. Rb1 a5 21. Qa4 g5 22. Bd2 f4 23. Rfe1 Be5 24. Qd1 a4 25. Qg4 Qf6 26. Re4 Qg6 27. Qe6+ Qxe6 28. dxe6 Re8 29. h4 h6 30. hxg5 hxg5 31. g3 fxg3 32. fxg3 Rg7 33. Kg2 Rxe6 34. b3 axb3 35. axb3 Rf6 36. Rf1 Rxf1 37. Kxf1 Kh7 38. Kg2 Kg6 39. Be3 Ra7 40. d4 Ra2+ 41. Kh3 1-0


[Site "https://www.chess.com"]

[Event "Titled Tuesday Blitz May 9 Late 2023"]
[White "rikchessmx"]
[Black "Suder, Jakub"]
[BlackFideId "1195310"]
[WhiteElo "2179"]
[BlackElo "2287"]
[Result "0-1"]
[Round "01"]
[TimeControl "180+2"]
[Date "2023.05.09"]
[WhiteClock "0:01:31"]
[BlackClock "0:01:46"]

1. e4 c5 2. Nf3 e6 3. d4 cxd4 4. Nxd4 Nc6 5. Nxc6 bxc6 6. Nc3 Nf6 7. Bd3 d5 8. O-O Be7 9. Qe2 O-O 10. b3 Qa5 11. Bb2 Ba3 12. Bxa3 Qxa3 13. e5 Nd7 14. Na4 Nb6 15. Nxb6 axb6 16. f4 Ba6 17. c4 dxc4 18. bxc4 Rad8 19. Rf3 Qc5+ 20. Kh1 g6 21. Rc1 Rd4 22. Rh3 Rfd8 23. a4 Rxf4 24. Rf1 Rxf1+ 25. Qxf1 Bxc4 26. Bxc4 Qxc4 27. Qe1 Qe4 28. Qa1 Qxe5 29. Qb1 Qb2 30. Qf1 Qc2 31. Rf3 Rd1 0-1


[Site "https://www.chess.com"]

[Event "Titled Tuesday Blitz May 9 Late 2023"]
[White "Altman, Joshua"]
[Black "Djordjevic, Dejan N"]
[WhiteFideId "426210"]
[BlackFideId "913316"]
[WhiteElo "2028"]
[BlackElo "2261"]
[Result "0-1"]
[Round "01"]
[TimeControl "180+2"]
[Date "2023.05.09"]
[WhiteClock "0:00:21"]
[BlackClock "0:00:04"]

1. d4 Nf6 2. c4 g6 3. Nc3 Bg7 4. Nf3 d6 5. Bg5 O-O 6. e3 Nc6 7. Be2 a6 8. O-O Bd7 9. h3 e5 10. dxe5 dxe5 11. Nd5 Re8 12. Nxf6+ Bxf6 13. Bxf6 Qxf6 14. Qxd7 e4 15. Nh2 Qxb2 16. Rfe1 Rac8 17. Ng4 Red8 18. Nh6+ Kg7 19. Qxf7+ Kxh6 20. Qf4+ Kg7 21. Qxe4 Qf6 22. Rab1 b6 23. Bg4 Rb8 24. Rbd1 Ne5 25. Rd5 Re8 26. Qd4 Re7 27. Rd1 Rf8 28. Rd2 h5 29. Bd1 Kh7 30. c5 b5 31. Bc2 Qg5 32. f4 Nf3+ 33. Kf2 Nxd4 34. Rxg5 Nxc2 35. Rxc2 Rfe8 36. Rc3 Kh6 37. c6 Rd8 38. Kf3 Rd2 39. a3 Rf7 40. Re5 Kg7 41. g4 hxg4+ 42. hxg4 Rh2 43. g5 Rd2 44. e4 Kf8 45. f5 Rh7 46. Ke3 Rd6 47. f6 Rh3+ 48. Kf4 Rxc3 49. Rd5 Rxd5 50. exd5 Kf7 51. d6 cxd6 52. c7 Rxc7 53. Ke4 Rc5 54. Kd4 Rxg5 55. Kc3 Kxf6 56. Kb4 Rf5 57. Ka5 Rf3 58. Kb6 Rxa3 59. Kb7 b4 60. Ka8 b3 61. Ka7 b2 62. Ka8 b1=Q 63. Ka7 Ra2 64. Ka8 Rc2 65. Ka7 Qb5 66. Ka8 Rc8+ 67. Ka7 Qc5+ 68. Kb7 Rc7+ 69. Kb8 Qa7# 0-1


[Site "https://www.chess.com"]

[Event "Titled Tuesday Blitz May 9 Late 2023"]
[White "Van Baar, Esper"]
[Black "Tologon tegin, Semetei"]
[WhiteFideId "1049321"]
[BlackFideId "13800574"]
[WhiteElo "2169"]
[BlackElo "2247"]
[Result "1/2-1/2"]
[Round "01"]
[TimeControl "180+2"]
[Date "2023.05.09"]
[WhiteClock "0:00:05"]
[BlackClock "0:00:11"]

1. e4 c5 2. Nf3 d6 3. Bb5+ Bd7 4. Bxd7+ Qxd7 5. c4 Nc6 6. d4 cxd4 7. Nxd4 g6 8. Be3 Bg7 9. f3 Nf6 10. O-O O-O 11. Nc3 Rfd8 12. Rc1 e6 13. Qe2 d5 14. cxd5 exd5 15. Rfd1 Qe8 16. Nxc6 bxc6 17. Bd4 dxe4 18. Bxf6 Bxf6 19. Nxe4 Bg7 20. b3 Rxd1+ 21. Rxd1 c5 22. Qc4 Rd8 23. Rd5 Rxd5 24. Qxd5 Qe7 25. Kf1 Bd4 26. Qd6 Qb7 27. Nf6+ Kg7 28. Ne8+ Kh6 29. Qf4+ g5 30. Qd6+ f6 31. Nxf6 Qb5+ 32. Ke1 Qa5+ 33. Kd1 Qxa2 34. Ng4+ Kg7 35. Qd7+ Kg6 36. Qe6+ Kg7 37. Qe7+ Kg6 38. Qe6+ Kg7 39. Qe7+ Kg6 40. Qe6+ 1/2-1/2


[Site "https://www.chess.com"]

[Event "Titled Tuesday Blitz May 9 Late 2023"]
[White "Richter, Paul"]
[Black "Kiseljova, Marya"]
[WhiteFideId "2046350"]
[BlackFideId "4155009"]
[WhiteElo "2548"]
[BlackElo "1831"]
[Result "1-0"]
[Round "01"]
[TimeControl "180+2"]
[Date "2023.05.09"]
[WhiteClock "0:00:18"]
[BlackClock "0:00:00"]

1. e4 c5 2. Nf3 Nc6 3. d4 cxd4 4. Nxd4 g6 5. Nc3 Bg7 6. Be3 Nf6 7. Nxc6 bxc6 8. e5 Ng8 9. Bd4 Nh6 10. e6 O-O 11. Bxg7 Kxg7 12. exd7 Qxd7 13. Qxd7 Bxd7 14. Bc4 Rab8 15. O-O-O Rfd8 16. Rhe1 e6 17. h3 Nf5 18. Rd2 Be8 19. Red1 Rxd2 20. Rxd2 Ne7 21. Ne4 Nd5 22. g3 Rb4 23. b3 a5 24. a3 Rb8 25. h4 h5 26. Kb2 Kf8 27. Be2 Ke7 28. c4 Nf6 29. Nc5 e5 30. Bf3 Rd8 31. Rxd8 Kxd8 32. Nb7+ Kc7 33. Nxa5 Kb6 34. b4 c5 35. Nb3 cxb4 36. axb4 e4 37. Be2 Nd7 38. Kc3 Ne5 39. c5+ Kc7 40. b5 f5 41. Kd4 Nd3 42. Bxd3 exd3 43. b6+ Kc6 44. Kxd3 Bf7 45. Kc3 Bd5 46. Kb4 Kb7 47. Nd4 Be4 48. Kc4 Ka6 49. Ne6 Kb7 50. Nf8 1-0


[Site "https://www.chess.com"]

[Event "Titled Tuesday Blitz May 9 Late 2023"]
[White "KSho99"]
[Black "Danielyan, Vahe"]
[BlackFideId "13304828"]
[WhiteElo "2154"]
[BlackElo "2423"]
[Result "0-1"]
[Round "01"]
[TimeControl "180+2"]
[Date "2023.05.09"]
[WhiteClock "0:00:00"]
[BlackClock "0:01:19"]

1. Nf3 d6 2. d4 Bg4 3. e4 Nd7 4. Bc4 e6 5. Be3 Ngf6 6. Nbd2 Be7 7. h3 Bh5 8. Bd3 O-O 9. c4 c5 10. d5 exd5 11. exd5 Re8 12. O-O Bf8 13. Qb3 Rb8 14. Bf4 a6 15. a4 Bg6 16. Bxg6 hxg6 17. Rfe1 Nh5 18. Bh2 Rxe1+ 19. Rxe1 Nhf6 20. Qd3 Qb6 21. b3 Qb4 22. Ne4 Nxe4 23. Rxe4 Nf6 24. Re3 b5 25. axb5 axb5 26. Ng5 bxc4 27. bxc4 Qb1+ 28. Qf1 Qa2 29. Re1 Rb4 30. Rc1 Rb2 31. Bg3 Nh5 32. Bh2 Nf6 33. Bg3 Rc2 34. Rxc2 Qxc2 35. Nf3 Ne4 36. Bh2 Be7 37. Bf4 Bf6 38. Qc1 Qd3 0-1


[Site "https://www.chess.com"]

[Event "Titled Tuesday Blitz May 9 Late 2023"]
[White "Garcia Cuenca, Victor"]
[Black "Dargan, Paul A G"]
[WhiteFideId "2250829"]
[BlackFideId "416762"]
[WhiteElo "2329"]
[BlackElo "2042"]
[Result "1-0"]
[Round "01"]
[TimeControl "180+2"]
[Date "2023.05.09"]
[WhiteClock "0:00:30"]
[BlackClock "0:00:09"]

1. d4 Nf6 2. Nf3 e6 3. e3 c5 4. c3 Be7 5. Bd3 d5 6. O-O Nbd7 7. Nbd2 b6 8. Qe2 Bb7 9. e4 dxe4 10. Nxe4 Nxe4 11. Bxe4 Bxe4 12. Qxe4 O-O 13. Rd1 Nf6 14. Qh4 cxd4 15. Rxd4 Qc7 16. Bf4 Qb7 17. Rad1 Nd5 18. Bg5 Bxg5 19. Nxg5 h6 20. Ne4 f5 21. Nd6 Qc6 22. Nc4 b5 23. Ne5 Qc7 24. f4 Nf6 25. Qg3 Rad8 26. Qd3 Rxd4 27. Qxd4 Ne4 28. g3 Kh7 29. Kg2 Rc8 30. Qd7 Qc5 31. Rd4 Rc7 32. Qxe6 Nf6 33. Qxf5+ Kh8 34. Rd8+ Ng8 35. Ng6+ 1-0


[Site "https://www.chess.com"]

[Event "Titled Tuesday Blitz May 9 Late 2023"]
[White "Sanhueza, Cristian"]
[Black "Oliveira, Tiago Batista"]
[WhiteFideId "116815"]
[BlackFideId "2108291"]
[WhiteElo "2174"]
[BlackElo "1962"]
[Result "1-0"]
[Round "01"]
[TimeControl "180+2"]
[Date "2023.05.09"]
[WhiteClock "0:01:37"]
[BlackClock "0:00:00"]

1. e4 c5 2. Nf3 Nc6 3. d4 cxd4 4. Nxd4 Nf6 5. Nc3 d6 6. Bg5 e6 7. Qd2 Be7 8. O-O-O Nxd4 9. Qxd4 O-O 10. f3 Qa5 11. h4 Rd8 12. Kb1 a6 13. Bc4 b5 14. Bb3 Qc7 15. g4 Bd7 16. h5 h6 17. Bc1 b4 18. Ne2 Nh7 19. Rdg1 a5 20. f4 a4 21. Bc4 Rac8 22. Bd3 b3 23. g5 hxg5 24. fxg5 bxc2+ 25. Ka1 e5 26. Qe3 Qc5 27. g6 Nf6 28. Qg5 fxg6 29. Qxg6 Ne8 30. h6 1-0


[Site "https://www.chess.com"]

[Event "Titled Tuesday Blitz May 9 Late 2023"]
[White "Sailer, Mike"]
[Black "Defend1r"]
[WhiteFideId "2012901"]
[WhiteElo "2109"]
[BlackElo "2543"]
[Result "0-1"]
[Round "01"]
[TimeControl "180+2"]
[Date "2023.05.09"]
[WhiteClock "0:00:07"]
[BlackClock "0:01:03"]

1. d4 Nf6 2. Bg5 d5 3. Bxf6 exf6 4. e3 Bd6 5. c4 Be6 6. cxd5 Bxd5 7. Nc3 Be6 8. Bd3 c6 9. Nge2 f5 10. O-O h5 11. Qc2 g6 12. Nf4 Bxf4 13. exf4 Qxd4 14. Rad1 Qf6 15. Rfe1 O-O 16. Ne2 Nd7 17. Bc4 Bxc4 18. Qxc4 Nb6 19. Qb3 Rad8 20. Nc1 Rxd1 21. Rxd1 Re8 22. Nd3 Qd4 23. Ne5 Rxe5 24. fxe5 Qxe5 25. Rd8+ Kg7 26. Qc3 Qxc3 27. bxc3 Na4 28. Rd7 Nxc3 29. Rxb7 Nxa2 30. Rxa7 Nb4 31. Rc7 Kf6 32. Kf1 Ke6 33. Ke2 h4 34. Kd2 g5 35. Rb7 Nd5 36. Kd3 Nf4+ 37. Kd4 Nxg2 38. Kc5 Ne1 39. Rb3 f4 40. Kxc6 g4 41. Kc5 Nf3 42. Rb6+ Kf5 43. Rb7 f6 44. Kd6 Nxh2 45. Rb5+ Kg6 46. Ke7 g3 47. fxg3 hxg3 48. Rb6 g2 49. Rxf6+ Kg5 50. Kf7 Ng4 51. Rg6+ Kh4 52. Ke6 g1=Q 53. Kf5 Qb1+ 54. Kxf4 Qxg6 0-1


[Site "https://www.chess.com"]

[Event "Titled Tuesday Blitz May 9 Late 2023"]
[White "Stead, Kerry"]
[Black "ArtemDyachuk"]
[WhiteFideId "3202577"]
[WhiteElo "1997"]
[BlackElo "2534"]
[Result "0-1"]
[Round "01"]
[TimeControl "180+2"]
[Date "2023.05.09"]
[WhiteClock "0:01:07"]
[BlackClock "0:01:19"]

1. d4 Nf6 2. f3 c5 3. d5 e6 4. c4 exd5 5. cxd5 d6 6. e4 g6 7. Ne2 Bg7 8. Nec3 O-O 9. Be2 Nh5 10. Be3 f5 11. O-O f4 12. Bf2 Nd7 13. a4 Ne5 14. Na3 Qg5 15. Kh1 Ng3+ 16. Bxg3 fxg3 17. hxg3 Qxg3 18. Qe1 Qg5 19. Nc4 Nxc4 20. Bxc4 Qh6+ 21. Kg1 Bd4+ 22. Rf2 Bd7 23. Ne2 Bxf2+ 24. Qxf2 Qd2 25. Nc3 Qxf2+ 26. Kxf2 a6 27. Ke3 Kg7 28. g4 g5 29. Ne2 b5 30. axb5 axb5 31. Rxa8 Rxa8 32. Bd3 Kf6 33. Ng3 Ke5 34. Nh5 c4 35. Be2 Ra2 0-1


[Site "https://www.chess.com"]

[Event "Titled Tuesday Blitz May 9 Late 2023"]
[White "Sreyas Payyappat"]
[Black "Butti, Enrique"]
[WhiteFideId "46674969"]
[BlackFideId "3700470"]
[WhiteElo "2043"]
[BlackElo "2080"]
[Result "1-0"]
[Round "01"]
[TimeControl "180+2"]
[Date "2023.05.09"]
[WhiteClock "0:00:50"]
[BlackClock "0:01:40"]

1. e4 c5 2. Nf3 d6 3. d4 cxd4 4. Nxd4 Nf6 5. Nc3 a6 6. h4 e5 7. Nb3 Be6 8. f4 exf4 9. Bxf4 Nc6 10. Qd2 Ne5 11. O-O-O Qc7 12. g3 Rc8 13. Kb1 b5 14. Bxb5+ axb5 15. Nxb5 Qc6 16. Na7 Qb7 17. Nxc8 Qxc8 18. Bxe5 dxe5 19. Qa5 Nd7 20. Rd3 Be7 21. Rc3 Qb8 22. Qc7 Qxc7 23. Rxc7 O-O 24. Rd1 Nf6 25. Rxe7 Nxe4 26. a4 Rb8 27. a5 g6 28. a6 Bxb3 29. cxb3 1-0


[Site "https://www.chess.com"]

[Event "Titled Tuesday Blitz May 9 Late 2023"]
[White "Horokoskii"]
[Black "Ozates, Tuna"]
[BlackFideId "6354521"]
[WhiteElo "2087"]
[BlackElo "2151"]
[Result "1/2-1/2"]
[Round "01"]
[TimeControl "180+2"]
[Date "2023.05.09"]
[WhiteClock "0:00:10"]
[BlackClock "0:00:09"]

1. d4 Nf6 2. c4 e6 3. Nf3 d5 4. g3 Bb4+ 5. Bd2 Be7 6. Qc2 O-O 7. Bg2 c6 8. O-O b6 9. Rd1 Ba6 10. b3 Nbd7 11. Bc3 Rc8 12. Nbd2 h6 13. Rac1 Ba3 14. Bb2 Bd6 15. e4 dxe4 16. Nxe4 Nxe4 17. Qxe4 Nf6 18. Qb1 Qe7 19. Qa1 Bb7 20. d5 cxd5 21. Bxf6 Qxf6 22. Qxf6 gxf6 23. cxd5 Bxd5 24. Nd4 Bxg2 25. Kxg2 Rxc1 26. Rxc1 Be5 27. Nc6 a5 28. Nxe5 fxe5 29. Rc6 Rb8 30. Kf3 Kg7 31. Ke4 Kf6 32. h4 b5 33. Rc5 a4 34. Rxe5 axb3 35. axb3 b4 36. Rc5 Rb6 37. Kd4 Rd6+ 38. Kc4 Rd2 39. Kxb4 Rxf2 40. Rc4 Rg2 41. g4 Rh2 42. Rf4+ Ke7 43. h5 e5 44. Re4 Ke6 45. Kc5 f5 46. Ra4 fxg4 47. Rxg4 Kf5 48. Rg8 Rxh5 49. b4 Rh1 50. b5 Rc1+ 51. Kd5 Rd1+ 52. Kc5 e4 53. b6 Rb1 54. Kc6 e3 55. b7 Kf4 56. Rh8 e2 57. Re8 Kf3 58. Kc7 Kf2 59. Rf8+ Ke3 60. Re8+ Kd2 61. Rd8+ Kc2 62. Re8 Kd3 63. Rd8+ Kc3 64. Re8 Rxb7+ 65. Kxb7 Kd2 66. Rd8+ Ke3 67. Re8+ Kf3 68. Rf8+ Kg2 69. Re8 Kf1 70. Rf8+ Ke1 71. Rh8 Kd2 72. Rd8+ Kc3 73. Re8 Kd3 74. Rd8+ Kc4 75. Re8 Kd3 76. Kc6 Kd2 77. Rd8+ Kc1 78. Re8 Kd1 79. Rd8+ Kc1 80. Re8 Kd1 81. Rd8+ Kc1 1/2-1/2


[Site "https://www.chess.com"]

[Event "Titled Tuesday Blitz May 9 Late 2023"]
[White "Torres Dominguez, David"]
[Black "FoxOnTheRun97"]
[WhiteFideId "2220857"]
[WhiteElo "1999"]
[BlackElo "2528"]
[Result "0-1"]
[Round "01"]
[TimeControl "180+2"]
[Date "2023.05.09"]
[WhiteClock "0:00:00"]
[BlackClock "0:00:04"]

1. e4 c6 2. Nf3 d5 3. d3 dxe4 4. dxe4 Qxd1+ 5. Kxd1 Bg4 6. Be2 Nd7 7. Nfd2 Bxe2+ 8. Kxe2 g5 9. Nb3 h6 10. Be3 Bg7 11. c3 O-O-O 12. N1d2 e6 13. a4 Kb8 14. a5 Ne7 15. Nc4 Ne5 16. Nxe5 Bxe5 17. h3 Ng6 18. g3 Rd7 19. Rhd1 Rhd8 20. Rxd7 Rxd7 21. Rd1 Rxd1 22. Kxd1 Bc7 23. Ke2 Ne5 24. Nd2 f6 25. b4 b6 26. axb6 axb6 27. f4 Nf7 28. f5 exf5 29. exf5 Bxg3 30. Bxb6 Nd6 31. Bd4 Be5 32. Bxe5 fxe5 33. f6 Kc7 34. Nc4 Nf7 35. Ke3 Kd7 36. Ke4 Ke6 37. Na5 Nd8 38. c4 Kxf6 39. b5 cxb5 40. cxb5 Ne6 41. b6 Nc5+ 42. Kd5 Na6 43. b7 Kf5 44. Nc6 e4 45. Kd4 Kf4 46. Ne7 h5 47. Nd5+ Kf3 48. Ne3 Nb8 49. Nf5 g4 50. hxg4 hxg4 51. Ke5 e3 52. Nd4+ Kf2 53. Kf4 g3 0-1


[Site "https://www.chess.com"]

[Event "Titled Tuesday Blitz May 9 Late 2023"]
[White "Kavutskiy, Konstantin"]
[Black "Hartikainen, Jarmo"]
[WhiteFideId "2026384"]
[BlackFideId "503134"]
[WhiteElo "2323"]
[BlackElo "2076"]
[Result "1-0"]
[Round "01"]
[TimeControl "180+2"]
[Date "2023.05.09"]
[WhiteClock "0:00:10"]
[BlackClock "0:00:05"]

1. d4 Nf6 2. Bg5 Ne4 3. Bf4 e5 4. Bxe5 Nc6 5. Nf3 Nxe5 6. Nxe5 d6 7. Nf3 Bg4 8. e3 Be7 9. Bd3 f5 10. Nbd2 d5 11. h3 Bh5 12. Be2 O-O 13. Ne5 Bxe2 14. Qxe2 f4 15. Nxe4 dxe4 16. Qc4+ Kh8 17. Nf7+ Rxf7 18. Qxf7 fxe3 19. O-O exf2+ 20. Rxf2 Bf6 21. c3 Qd6 22. Re1 Bh4 23. Rxe4 Bxf2+ 24. Qxf2 Rf8 25. Qe2 Qf6 26. Re7 c5 27. d5 b6 28. a4 h6 29. Re6 Qf5 30. d6 Qb1+ 31. Kh2 Rf1 32. d7 Rh1+ 33. Kg3 Rd1 34. Re8+ Kh7 35. Qxd1 Qxd1 36. d8=Q Qxd8 37. Rxd8 Kg6 38. Rd7 a6 39. Rb7 Kf5 40. Rxb6 Ke4 41. Rxa6 Kd3 42. Rc6 Kc2 43. Rxc5 Kxb2 44. a5 Kb3 45. a6 1-0


[Site "https://www.chess.com"]

[Event "Titled Tuesday Blitz May 9 Late 2023"]
[White "Maluco_do_Natal_00"]
[Black "Karttunen, Mika"]
[BlackFideId "502081"]
[WhiteElo "2032"]
[BlackElo "2396"]
[Result "0-1"]
[Round "01"]
[TimeControl "180+2"]
[Date "2023.05.09"]
[WhiteClock "0:00:00"]
[BlackClock "0:01:13"]

1. e4 e6 2. d4 d5 3. Nc3 Bb4 4. e5 c5 5. a3 Bxc3+ 6. bxc3 Qa5 7. Bd2 Qa4 8. Qg4 Kf8 9. Bd3 c4 10. Be2 Ne7 11. Nf3 Nf5 12. O-O Nc6 13. Rfc1 Bd7 14. Nh4 Nce7 15. Nxf5 Nxf5 16. Qh3 Qa5 17. Be1 h5 18. g3 Kg8 19. Qg2 Ba4 20. h4 Rc8 21. Bf3 Rc6 22. Rab1 Rb6 23. Rxb6 Qxb6 24. Bd1 Qa5 0-1


[Site "https://www.chess.com"]

[Event "Titled Tuesday Blitz May 9 Late 2023"]
[White "angelgab3"]
[Black "Maranhao,Jose Renato Ruiz"]
[BlackFideId "2135175"]
[WhiteElo "2524"]
[BlackElo "1970"]
[Result "1-0"]
[Round "01"]
[TimeControl "180+2"]
[Date "2023.05.09"]
[WhiteClock "0:02:04"]
[BlackClock "0:00:09"]

1. e4 c6 2. d4 d5 3. e5 Bf5 4. h4 h5 5. c4 e6 6. Nc3 Bb4 7. Qb3 Qb6 8. c5 Bxc3+ 9. bxc3 Qxb3 10. axb3 Nd7 11. Nf3 Ne7 12. Be2 O-O 13. c4 dxc4 14. bxc4 Rfd8 15. Bg5 f6 16. exf6 gxf6 17. Bf4 Ng6 18. Bg3 e5 19. dxe5 fxe5 20. O-O Nxc5 21. Nxe5 Rd4 22. Rfd1 Rad8 23. Rxd4 Rxd4 24. Rxa7 Nxe5 25. Bxe5 Rxc4 26. Bxc4+ 1-0


[Site "https://www.chess.com"]

[Event "Titled Tuesday Blitz May 9 Late 2023"]
[White "dorpato"]
[Black "Grinev, Valeriy"]
[BlackFideId "14117517"]
[WhiteElo "2021"]
[BlackElo "2366"]
[Result "0-1"]
[Round "01"]
[TimeControl "180+2"]
[Date "2023.05.09"]
[WhiteClock "0:00:00"]
[BlackClock "0:00:51"]

1. e4 e6 2. d4 d5 3. e5 c5 4. c3 Nc6 5. Nf3 Qb6 6. a3 Nh6 7. Bd3 cxd4 8. cxd4 Bd7 9. Bc2 Be7 10. O-O g5 11. Bxg5 Bxg5 12. Nxg5 Nxd4 13. Bxh7 Bb5 14. Re1 Nhf5 15. Qh5 O-O-O 16. Nxf7 Be8 17. Qg6 Bxf7 18. Qxf7 Rd7 19. Qg6 Rdxh7 20. Nc3 Rg7 21. Qf6 Nf3+ 22. Kf1 Nxe1 23. Rxe1 Kb8 24. g4 Rxh2 25. Qf8+ Kc7 0-1


[Site "https://www.chess.com"]

[Event "Titled Tuesday Blitz May 9 Late 2023"]
[White "Kokoszczynski, Jan"]
[Black "tandercat"]
[WhiteFideId "1174460"]
[WhiteElo "2139"]
[BlackElo "2008"]
[Result "1-0"]
[Round "01"]
[TimeControl "180+2"]
[Date "2023.05.09"]
[WhiteClock "0:00:07"]
[BlackClock "0:00:05"]

1. d4 d5 2. c4 e6 3. Nc3 a6 4. cxd5 exd5 5. Bf4 Nf6 6. Nf3 Bd6 7. e3 Bxf4 8. exf4 O-O 9. Bd3 c6 10. O-O Bg4 11. h3 Bxf3 12. Qxf3 Nbd7 13. Rae1 Re8 14. Bb1 Qb6 15. Qd3 Qxb2 16. Bc2 Qb4 17. Rb1 Qd6 18. Rxb7 Qxf4 19. g3 Qd6 20. Rfb1 g6 21. Ba4 Ne4 22. Nxe4 dxe4 23. Qc4 e3 24. f4 e2 25. Re1 Re3 26. Bb3 Rxg3+ 27. Kh2 Qxf4 28. Qxf7+ Qxf7 29. Bxf7+ Kxf7 30. Kxg3 Ke7 31. Rxe2+ Kd6 32. Rf2 Re8 33. Rf3 Re2 34. a3 Re4 35. Rf7 Re7 36. Rxe7 Kxe7 37. Ra7 Kd6 38. Rxa6 Kd5 39. Ra7 Nf6 40. Rf7 Ne4+ 41. Kf4 Nf2 42. Rxh7 Kxd4 43. Kg5 c5 44. Kxg6 c4 45. h4 c3 46. h5 Ng4 47. Rc7 Ne5+ 48. Kg7 Nc4 49. Rf7 c2 50. Rf1 Nd6 51. h6 Nf5+ 52. Kg6 Nxh6 53. Kxh6 Kc3 54. Rc1 Kb2 55. Rxc2+ Kxc2 56. a4 1-0


[Site "https://www.chess.com"]